 Dungeon Crawl Stone Soup version 0.31.0-11-ge490571c62 (webtiles) character file.

Game seed: 9164122751430241862

102 boopmooplesden the Covered (level 4, 0/38 HPs)
             Began as an Armataur Fighter on Feb 4, 2024.
             Slain by an orc wizard
             ... wielding a +0 dagger of electrocution
              (15 damage)
             ... on level 4 of the Dungeon.
             The game lasted 00:03:10 (2242 turns).

boopmooplesden the Covered (Armataur Fighter)       Turns: 2242, Time: 00:03:11

Health: 0/38       AC: 11    Str: 21    XL:     4   Next: 50%
Magic:  4/4        EV:  4    Int:  9    God:
Gold:   130        SH:  6    Dex: 11    Spells: 3/3 levels left

rFire   . . .        c - +1 mace (drain)
rCold   . . .        l - +2 buckler
rNeg    . . .        i - +0 plate armour
rPois   .            (no helmet)
rElec   .            (no cloak)
rCorr   .            j - +0 pair of gloves
SInv    .            (no barding)
Will    .....        (no amulet) Stlth
                     (no ring)
HPRegen 0.26/turn    (no ring)
MPRegen 0.09/turn

%: roll
@: no status effects
A: large, deformed body, tough skin 3, armoured tail, roll 1
a: no special abilities


You were on level 4 of the Dungeon.
You visited 1 branch of the dungeon, and saw 4 of its levels.

You collected 130 gold pieces.

Inventory:

Hand Weapons
 a - a +0 long sword
 c - a +1 mace of draining (weapon)
Armour
 i - a +0 plate armour (worn)
 j - a +0 pair of gloves (worn)
 l - a +2 buckler (worn)
 p - a +0 kite shield
Talismans
 f - a blade talisman
Scrolls
 e - 3 scrolls of identify
 g - a scroll of silence
Potions
 b - 2 potions of ambrosia
 d - 2 potions of might
 h - a potion of curing {unknown}
 k - 2 potions of enlightenment
 m - a potion of berserk rage {unknown}


   Skills:
 + Level 3.3 Fighting
 + Level 2.5 Long Blades
 + Level 0.5 Maces & Flails
 + Level 4.4 Armour
 + Level 0.1 Dodging
 + Level 4.0 Shields


You had 3 spell levels left.
You didn't know any spells.
Your spell library contained the following spells:

 Spells                   Type           Power      Damage    Failure   Level
 Shock                    Conj/Air       0%         1d3       100%        1
 Swiftness                Air            0%         N/A       100%        3
 Airstrike                Air            0%         2d(0-16)  100%        4


Dungeon Overview and Level Annotations

Branches:
Dungeon (4/15)
 Temple: D:4-7

Altars:

Shops:
D:1 (*!   D:2 *


Innate Abilities, Weirdness & Mutations

Armour fits poorly on your strangely shaped body.
You have extremely tough skin. (AC +3)
You have a long armoured tail.
You regenerate magic when rolling toward enemies. (Rampage MPRegen)


Message History

You tail-slap the orc priest, but do no damage.
The orc priest is lightly wounded.
The orc priest miscasts a cantrip.
A sleepcap comes into view.
The orc priest hits you with a +0 dagger.
You hit the orc priest but do no damage.
You drain the orc priest.
The orc priest is moderately wounded.
The orc priest calls down the wrath of Beogh upon you.
Beogh smites you!
You sock the orc priest!
The orc priest is severely wounded.
The orc priest looks braver for a moment.
The orc priest hits you but does no damage.
The orc wizard gestures wildly while chanting.
The orc wizard flickers and vanishes!
Deactivating autopickup; reactivate with Ctrl-A.
You closely miss the orc priest. You tail-slap the orc priest.
You kill the orc priest!
Your life force feels restored.
Your Shields skill increases to level 4!
Something unexpectedly blocks you, preventing you from rolling!
You barely miss something.
Something hits you but does no damage. x2
Something unexpectedly blocks you, preventing you from rolling!
You miss something.
Your tail-slap misses something.
You block something's attack.
Something unexpectedly blocks you, preventing you from rolling!
You barely miss something. Something hits you.
Something unexpectedly blocks you, preventing you from rolling!
You miss something.
Your tail-slap misses something.
Something hits you but does no damage.
You are electrocuted!
Something hits you.
Something unexpectedly blocks you, preventing you from rolling!
You miss something. You tail-slap something! Something hits you.
Something unexpectedly blocks you, preventing you from rolling!
You miss something.
Something hits you but does no damage. x2
Something unexpectedly blocks you, preventing you from rolling!
You miss something. Something hits you but does no damage.
You are electrocuted!
You die...

###
#<#
#.#
#.#
#.#
#@#
#{#


oo# ...# ..#.. ...### .... .... You could see 2 orcs.

Vanquished Creatures
  An orc priest (D:4)
  An adder (D:3)
  3 dart slugs
  2 orcs
  3 ball pythons
  3 endoplasms (D:1)
  6 giant cockroaches
  7 goblins
  5 hobgoblins
  A quokka (D:3)
  10 bats
  A frilled lizard (D:1)
  6 kobolds
  4 rats
53 creatures vanquished.

Notes
Turn   | Place    | Note
-------+----------+-------------------------------------------
     0 | D:1      | boopmooplesden the Armataur Fighter began the quest for the
                  | Orb.
     0 | D:1      | Reached XP level 1. HP: 18/18 MP: 1/1
    58 | D:1      | Found Foghiet's Weapon Shop.
   214 | D:1      | Reached XP level 2. HP: 23/25 MP: 2/2
   569 | D:1      | Found a faded altar of an unknown god.
   600 | D:1      | Found Suesesax's Distillery.
   774 | D:1      | Found Gennycyk's Assorted Antiques.
   871 | D:1      | Reached XP level 3. HP: 28/31 MP: 3/3
  1188 | D:2      | Found Lucul's General Store.
  2212 | D:3      | Reached XP level 4. HP: 37/37 MP: 4/4
  2242 | D:4      | Slain by an orc wizard

Illustrated notes

Levels and vault maps discovered:
D:1:      nagdon_arrival_double_spiral, layout_loops_corners, serial_shops,
          nicolae_lakefront_shop, shop, nicolae_shop_crystal,
          shapermc_ecumenical_altar_mp_vishouse, minmay_nonomino_d4
D:2:      layout_basic, serial_shops, nicolae_shop_peninsula,
          uniq_crazy_yiuf_cottage
D:3:      layout_rooms, roderic_batcave, roderic_serpentine_path, kennysheep_nub
D:4:      minmay_bubble_buster, layout_basic, nicolae_overflow_two_pavilions,
          minmay_surrounded

Skill      XL: |  1  2  3  4 |
---------------+-------------+-----
Fighting       | 3 |  3.3
Long Blades    | 2 |  2.5
Armour         | 4 |  4.4
Shields        | 4 |  4.0
Maces & Flails | |  0.5
Dodging        | |  0.1

Action                     |  1- 3 |  4- 6 || total
---------------------------+-------+-------++-------
  Melee: Long sword        |    80 |       ||    80
         Tailslap          |    14 |     3 ||    17
         Mace              |    44 |    13 ||    57
    Use: Scroll            |     3 |     2 ||     5
 Armour: Scale mail        |    29 |       ||    29
         Plate armour      |   111 |    13 ||   124
  Dodge: Dodged            |    34 |       ||    34
  Block: Buckler           |    50 |     1 ||    51
